 Dungeon Crawl Stone Soup version 0.14.0-17-gc0b17a5 (webtiles) character file.

233 zercules the Skirmisher (level 4, -5/44 HPs)
             Began as a Deep Dwarf Monk on Apr 19, 2014.
             Was a Believer of Elyvilon.
             Slain by hyperrchandra's ghost (7 damage)
             ... on Level 4 of the Dungeon.
             The game lasted 00:23:11 (3412 turns).

zercules the Skirmisher (Deep Dwarf Monk)           Turns: 3412, Time: 00:23:11

HP  -5/44        AC  3     Str 15      XL: 4   Next: 89%
MP   4/4         EV 13     Int 11      God: Elyvilon [**....]
Gold 103         SH  0     Dex 15      Spells:  0 memorised,  3 levels left

rFire  + . .     SeeInvis .     e - +1 club
rCold  . . .     Clarity  .     a - +1 robe
rNeg   . . .     Conserve .     (no shield)
rPois  .         rCorr    .     (no helmet)
rElec  .         rRot     .     (no cloak)
SustAb . .       Spirit   .     (no gloves)
rMut   .         Warding  .     (no boots)
Saprov . . .     Stasis   .     (no amulet)
MR     .....                    (no ring)
                                j - ring of protection from fire

@: non-regenerating, not resistant to hostile enchantments, fairly stealthy
A: damage resistance, recharge devices, sense surroundings 1, slow healing 3
a: Device Recharging, Lesser Healing, Lesser Self-Healing, Divine Protection,
Purification, Renounce Religion


You were on level 4 of the Dungeon.
You worshipped Elyvilon.
Elyvilon was pleased with you.
You were hungry.

You visited 1 branch of the dungeon, and saw 5 of its levels.

You collected 103 gold pieces.

Inventory:

Hand weapons
 e - a +1,+1 club (weapon)
 l - a +0,+0 sling
Missiles
 m - a throwing net (quivered)
 p - 8 curare-tipped needles
 s - 14 stones
Armour
 a - a +1 robe (worn)
Magical devices
 b - a wand of heal wounds (0)
 g - a wand of enslavement (9)
 u - a wand of digging (5)
Comestibles
 c - a bread ration
 i - 9 grapes
 r - a meat ration
Scrolls
 d - a scroll of noise {!r}
 f - a scroll of fog
 v - a scroll of teleportation
Jewellery
 j - a ring of protection from fire (left hand)
Potions
 h - a potion of agility
 k - a potion of paralysis {!q}
 n - a potion of brilliance {unknown}
 o - a potion of restore abilities {unknown}
 q - 2 potions of poison {unknown}
 t - a potion of confusion {unknown}


   Skills:
 - Level 3.9 Fighting
 + Level 3.1 Maces & Flails
 - Level 3.2 Dodging
 - Level 2.4 Stealth
 - Level 3.6 Unarmed Combat
 + Level 1.0 Invocations


You had 3 spell levels left.
You didn't know any spells.

Dungeon Overview and Level Annotations

Branches:
Dungeon (5/15)
 Temple: D:4-7

Altars:
Elyvilon
Xom

Annotations:
D:4 hyperrchandra's ghost, average DDMo


Innate Abilities, Weirdness & Mutations

You are resistant to damage.
You can recharge devices by infusing magical energy.
You passively map a small area around you.
You do not heal naturally.


Message History

You see here 22 darts.
Use which ability? (? or * to list) Heal: a worm (mindless)
You cannot pacify this monster!
Read which item? (? for menu, Esc to quit)
Okay, then.
Hyperrchandra's ghost hits you but does no damage.
You hit hyperrchandra's ghost but do no damage.
Hyperrchandra's ghost hits you!
* * * LOW HITPOINT WARNING * * *
You hit hyperrchandra's ghost but do no damage.
Hyperrchandra's ghost barely misses you.
Evoke which item? (* to show all) (? for menu, Esc to quit)
Okay, then.
Hyperrchandra's ghost hits you!
* * * LOW HITPOINT WARNING * * *
The worm bites you!
* * * LOW HITPOINT WARNING * * *
Hyperrchandra's ghost hits you!
You die...

#...##...#..........≈≈## ≈
,
#...##...#...........≈≈≈≈
,
#...##...#...............
,
#...##...#..(..(.##......
#...##...#........#.......
*
#...##...#..............o.
#...##...#.......#......#.
#...##...#.......##....#8
, * #...##...#.....w@#
#..... .........#.....p.#
..... , ##################
###


You could see a worm and hyperrchandra's ghost.

Vanquished Creatures
  7 adders
  A giant mite (D:3)
  2 giant geckos
  2 oozes
  An orc (D:3)
  6 bats
  3 giant cockroaches
  4 goblins
  12 hobgoblins
  2 jackals (D:1)
  2 giant newts (D:1)
  5 kobolds
  5 rats
52 creatures vanquished.

Notes
Turn   | Place    | Note
--------------------------------------------------------------
     0 | D:1      | zercules, the Deep Dwarf Monk, began the quest for the Orb.
     0 | D:1      | Reached XP level 1. HP: 20/20 MP: 1/1
   224 | D:2      | Reached XP level 2. HP: 20/28 MP: 2/2
   651 | D:2      | Reached skill level 1 in Maces & Flails
   916 | D:2      | Paralysed by a potion of paralysis for 2 turns
  1279 | D:1      | Reached XP level 3. HP: 25/34 MP: 3/3
  1669 | D:2      | Reached XP level 4. HP: 33/44 MP: 4/4
  2455 | D:5      | Entered Level 5 of the Dungeon
  2475 | D:5      | Found a white marble altar of Elyvilon.
  2508 | D:5      | Became a worshipper of Elyvilon the Healer
  2508 | D:5      | Acquired Elyvilon's first power
  2508 | D:5      | Acquired Elyvilon's second power
  2943 | D:3      | Found a shimmering altar of Xom.
  3297 | D:4      | Reached skill level 1 in Invocations
  3393 | D:4      | Noticed hyperrchandra's ghost (average DDMo)
  3411 | D:4      | HP: 2/44 [worm (6)]
  3412 | D:4      | Slain by hyperrchandra's ghost

Action                   |  1- 3 |  4- 6 || total
-------------------------+-------+-------++-------
Melee: Unarmed           |    47 |       ||    47
       Club              |   156 |   159 ||   315
Invok: Lesser Healing    |       |     3 ||     3
       Lesser Self-Heali |       |     1 ||     1
Evoke: Wand              |     4 |     3 ||     7
  Use: Potion            |     4 |       ||     4
       Scroll            |       |    11 ||    11
 Stab: Sleeping          |     1 |       ||     1
